[Event "Live Chess"]
[Site "Chess.com"]
[Date "2024.06.01"]
[Round "-"]
[White "Bazzza132"]
[Black "Brooms1989"]
[Result "0-1"]
[WhiteElo "1673"]
[BlackElo "1070"]
[TimeControl "300"]
[EndTime "9:53:59 PDT"]
[Termination "Brooms1989 won by checkmate"]

1. e4 e5 2. Nf3 Nc6 3. Bb5 a6 4. Ba4 Nf6 5. O-O Nxe4 6. d4 b5 7. Bb3 d5 8. Re1 Be6 9. Nxe5 Nxe5 10. dxe5 c6 11. f4 Bc5+ 12. Kf1 Qh4 13. Qf3 Qxh2 14. Rxe4 dxe4 15. Qxe4 Qg1+ 16. Ke2 Bg4+ 17. Kd3 Qf1+ 18.
Kd2 O-O-O+ 19. Kc3 b4+ 20. Qxb4 Bxb4+ 21. Kxb4 Qb5+ 22.
Ka3 Qc5+ 23. Ka4 Rd4+ 24. c4 Kd7 25. Be3 Rb8 26. a3 Rxb3 27. Bxd4 Qxd4 28. Kxb3 Qxf4 29. Nc3 Be6 30. Rd1+ Ke8 31. Kc2 Qxe5 32. b3 Qf5+ 33. Kb2 Qf2+ 34. Kc1 Bg4 35. Rd2 Qe1+ 36. Kc2 Bf5+ 37.
Ne4 Bxe4+ 38. Kc3 Qxd2+ 39. Kxd2 Bxg2 40. Ke3 Ke7 41. Kf4 Kf6 42. b4 h5 43. a4 h4 44.
Kg4 h3 45. Kg3 Ke5 46. b5 cxb5 47. cxb5 axb5 48. axb5 Kd6 49. b6 Kc6 50. b7 Kxb7 51.
Kh2 Kc6 52. Kg1 Kd5 53. Kh2 Ke4 54. Kg1 f5 55. Kh2 f4 56. Kg1 Ke3 57. Kh2 Ke2 58.
Kg1 f3 59. Kh2 f2 60. Kg3 f1=Q 61. Kh4 Qf4+ 62. Kh5 Bf3+ 63. Kg6 Ke3 64. Kxg7 Qg4+ 65. Kf8 Qf5+ 66. Ke7 Qg6 67. Kd7 h2 68. Kc7 h1=Q 69. Kd8 Qhh7 70. Kc8 Qgg8# 0-1

[Event "Live Chess"]
[Site "Chess.com"]
[Date "2024.06.01"]
[Round "-"]
[White "MagnersCarlsberg2870"]
[Black "TheRedDrag"]
[Result "1/2-1/2"]
[WhiteElo "1887"]
[BlackElo "2173"]
[TimeControl "300"]
[EndTime "9:54:05 PDT"]
[Termination "Game drawn by repetition"]

1. d4 Nf6 2. Nf3 g6 3. Nc3 Bg7 4. e4 d6 5. h3 O-O 6. Bc4 Nbd7 7. e5 Ne8 8. e6 fxe6 9. Bxe6+ Kh8 10. Ng5 Ndf6 11. Nf7+ Rxf7 12. Bxf7 e5 13. dxe5 Qe7 14. Bb3 dxe5 15. O-O Bf5 16. Bg5 c6 17. Qe2 h6 18.
Bh4 Rd8 19. Rfe1 e4 20. Bxf6 Nxf6 21. f3 Qc5+ 22. Kh1 exf3 23. Qxf3 b5 24. Rad1 Rf8 25.
a3 a5 26. Kh2 a4 27. Be6 Bxc2 28. Qe2 Bxd1 29. Qxd1 Nh5 30. Ne4 Qe5+ 31. Kh1 Ng3+ 32. Nxg3 Qxg3 33. Bg4 Rf2 34. Bf3 Rxb2 35. Qc1 Rc2 36.
Re8+ Kh7 37. Qxc2 Be5 38. Rxe5 Qxe5 39. Qxc6 Qe1+ 40. Kh2 Qe5+ 41. g3 Qb2+ 42. Bg2 Qxa3 43. Qxb5 Qa2 44. Qd7+ Kg8 45. Qe8+ Kg7 46. h4 a3 47. Kh3 Qf2 48. Be4 Qf1+ 49. Bg2 Qf5+ 50. Kh2 a2 51. Qe7+ Kg8 52. Qd8+ Kg7 53. Qe7+ Kg8 54.
Qd8+ Kg7 55. Qe7+ 1/2-1/2

[Event "Live Chess"]
[Site "Chess.com"]
[Date "2024.06.01"]
[Round "-"]
[White "PedroCI"]
[Black "bill77678"]
[Result "0-1"]
[WhiteElo "1265"]
[BlackElo "1801"]
[TimeControl "300"]
[EndTime "9:54:13 PDT"]
[Termination "bill77678 won by checkmate"]

1. e4 c6 2. Nc3 d5 3. d4 dxe4 4. Nxe4 Nf6 5. Nxf6+ exf6 6. Nf3 Bd6 7. Bd3 O-O 8. O-O Bg4 9. h3 Bh5 10. Be4 Re8 11. Qd3 Bg6 12. Bxg6 hxg6 13. Bd2 Nd7 14.
Rfe1 Qc7 15. g3 Bxg3 16. fxg3 Qxg3+ 17. Kh1 Qxh3+ 18. Kg1 Qg3+ 19. Kf1 f5 20. Ne5 Qxd3+ 21. Nxd3 Nf6 22. Rxe8+ Rxe8 23. Re1 Ne4 24. Bf4 g5 25.
Bh2 f6 26. Kg2 Kf7 27. Nb4 Rd8 28. c3 Re8 29. Nd3 Kg6 30. Nc5 b6 31. Nxe4 fxe4 32.
Bd6 f5 33. c4 f4 34. b4 Kf5 35.
b5 cxb5 36. c5 bxc5 37. dxc5 g4 38. c6 e3 39. c7 f3+ 40. Kg3 e2 41. Rc1 Rc8 42.
Bb4 Ke6 43. Kxg4 f2 44. Bc3 f1=Q 45. Rxf1 exf1=Q 46. Bxg7 Rxc7 47. Bd4 Rf7 48. a4 Qg2+ 49.
Kh4 Rh7# 0-1

[Event "Live Chess"]
[Site "Chess.com"]
[Date "2024.06.01"]
[Round "-"]
[White "Keithdfg"]
[Black "SirGerhard"]
[Result "0-1"]
[WhiteElo "1754"]
[BlackElo "2764"]
[TimeControl "300"]
[EndTime "9:54:35 PDT"]
[Termination "SirGerhard won by resignation"]

1. Nf3 d5 2. g3 c6 3. Bg2 Nf6 4.
O-O Bf5 5. d4 h6 6. Nbd2 Nbd7 7.
c4 e6 8. b3 Bd6 9. Bb2 Qe7 10. a3 O-O 11. Re1 Ne4 12. c5 Bc7 13.
b4 f6 14. Nb3 e5 15. Nfd2 Nxd2 16. Qxd2 e4 17. e3 Qe6 18. a4 Bh3 19. Bh1 f5 20. b5 g5 21. Na5 Rab8 22. Bc3 f4 23. Rab1 Nf6 24. bxc6 bxc6 25. Nb7 fxe3 26. fxe3 Ng4 27. Nd6 Rxb1 28. Rxb1 Qf6 29. Bg2 Bxg2 30. Kxg2 Qf3+ 0-1

[Event "Live Chess"]
[Site "Chess.com"]
[Date "2024.06.01"]
[Round "-"]
[White "OliWally08"]
[Black "LaupMiths"]
[Result "0-1"]
[WhiteElo "1258"]
[BlackElo "1801"]
[TimeControl "300"]
[EndTime "9:54:35 PDT"]
[Termination "LaupMiths won by resignation"]

1. e4 e6 2. Nc3 d5 3. e5 c5 4.
d4 cxd4 5. Qxd4 Nc6 6. Bb5 Bd7 7. Nf3 Nxd4 8. Bxd7+ Qxd7 9. Nxd4 a6 10. O-O Ne7 11.
Re1 Nc6 12. Be3 Nxd4 13. Bxd4 Rc8 14. Rad1 Bc5 0-1

[Event "Live Chess"]
[Site "Chess.com"]
[Date "2024.06.01"]
[Round "-"]
[White "Velocity"]
[Black "Grace6363"]
[Result "1-0"]
[WhiteElo "1719"]
[BlackElo "1146"]
[TimeControl "300"]
[EndTime "9:54:57 PDT"]
[Termination "Velocity won by resignation"]

1. e4 c5 2. Nf3 Nc6 3. d4 cxd4 4. Nxd4 g6 5. c4 Bg7 6. Be3 Nf6 7. Nc3 e6 8. f3 O-O 9. Be2 a6 10. O-O Nxd4 11. Bxd4 b6 12. Qd2 Bb7 13. Rfd1 d6 14. Bxf6 Bxf6 15. Qxd6 Qxd6 16. Rxd6 Bxc3 17. bxc3 b5 18.
cxb5 axb5 19. Bxb5 Ra3 20. Rd7 Rb8 21. Rc7 Ra5 22.
Be8 Ba6 23. Bxf7+ Kf8 24. Bxe6 Rab5 25. Rf7+ Ke8 26. Rxh7 Rc5 27. Rh8+ Ke7 28. Rxb8 Kxe6 29. Rb6+ 1-0

[Event "Live Chess"]
[Site "Chess.com"]
[Date "2024.06.01"]
[Round "-"]
[White "Yarigo"]
[Black "NAZRIZ1977"]
[Result "0-1"]
[WhiteElo "2375"]
[BlackElo "2130"]
[TimeControl "300"]
[EndTime "9:55:22 PDT"]
[Termination "NAZRIZ1977 won on time"]

1. d4 Nf6 2. Nf3 g6 3. Bf4 d5 4. Nc3 Bg7 5. Qd2 c5 6. Bh6 Bxh6 7. Qxh6 cxd4 8. Nxd4 e5 9. Nf3 d4 10. O-O-O Qb6 11. Na4 Qe6 12. Kb1 Nbd7 13. e3 dxe3 14.
Qxe3 O-O 15. Bd3 a6 16. Rhe1 Ng4 17. Qd2 b5 18. Nc3 Bb7 19. Be4 Bxe4 20. Nxe4 Nb6 21. h3 Nf6 22. Nxf6+ Qxf6 23. Nxe5 Rfd8 24. Qe3 Rxd1+ 25.
Rxd1 Re8 26. f4 Nc4 27. Qd4 Nxe5 28. fxe5 Qxe5 29. Qxe5 Rxe5 30. a4 Kg7 31. axb5 axb5 32. Rd2 g5 33. Ka2 Kg6 34. Ka3 h5 35. Kb4 g4 36. hxg4 hxg4 37. c4 bxc4 38. Kxc4 f5 39. b4 f4 40. b5 Kg5 41. b6 Re7 42. Kb5 f3 43. gxf3 gxf3 44. Ka6 Re2 45. Rd5+ Kg4 46. Rd8 Ra2+ 47. Kb5 Rb2+ 48. Kc6 Rc2+ 49. Kb5 f2 0-1

[Event "Live Chess"]
[Site "Chess.com"]
[Date "2024.06.01"]
[Round "-"]
[White "DJ_Lambton"]
[Black "CarmelJane"]
[Result "1/2-1/2"]
[WhiteElo "1765"]
[BlackElo "2115"]
[TimeControl "300"]
[EndTime "9:55:24 PDT"]
[Termination "Game drawn by repetition"]

1. c4 e5 2. g3 h5 3. h4 Bc5 4. d3 Nf6 5. Bg5 d6 6. Nc3 c6 7.
Bg2 Bg4 8. Nf3 Qb6 9. e3 Qxb2 10. Ne4 Nxe4 11. dxe4 Qc3+ 12. Kf1 Qxc4+ 13. Kg1 f6 14. Bxf6 gxf6 15. Rc1 Qe6 16. Kh2 Nd7 17. Qc2 Bxf3 18. Bxf3 Ke7 19. Rhd1 a5 20. Be2 a4 21. Bc4 Qg4 22. Be2 Qg6 23. Bf1 a3 24. Bh3 Ra5 25. Qd2 f5 26. Rxc5 Rxc5 27. exf5 Qf6 28. Qb4 b5 29. Rd2 Ra8 30. e4 Ra4 31. Qb3 Rxe4 32. Qxa3 Ra4 33. Qb3 Nb6 34. Qd3 Nd5 35. Bg2 Rd4 36. Qe2 Rxd2 37. Qxd2 Qxf5 38. Qa5 Qxf2 39. Qa7+ Ke6 40. Qb8 Ne3 41. Qc8+ Ke7 42. Qc7+ Kf8 43.
Qd8+ Kg7 44. Qg5+ Kf8 45. Qd8+ Kf7 46. Qd7+ Kg8 47. Qe8+ Qf8 48. Qg6+ Qg7 49. Qe8+ Qf8 50. Qg6+ Qg7 51. Qe8+ Qf8 1/2-1/2

[Event "Live Chess"]
[Site "Chess.com"]
[Date "2024.06.01"]
[Round "-"]
[White "degringolade64"]
[Black "vincents82"]
[Result "0-1"]
[WhiteElo "2073"]
[BlackElo "2156"]
[TimeControl "300"]
[EndTime "9:55:41 PDT"]
[Termination "vincents82 won by resignation"]

1. e4 d5 2. exd5 Qxd5 3. Nc3 Qd8 4. d4 Nf6 5. Nf3 Bg4 6. h3 Bxf3 7. Qxf3 c6 8. Be3 e6 9. O-O-O Bb4 10. Bg5 Nbd7 11.
Ne4 h6 12. Bxf6 Nxf6 13. Nxf6+ Qxf6 14. Qxf6 gxf6 15. c3 Bd6 16. g3 f5 17. Bg2 Ke7 18. Rhe1 Kf6 19. c4 Rac8 20. a3 Rhg8 21. b4 a5 22. c5 Bc7 23. Kc2 Ra8 24. b5 cxb5 25. Rb1 b4 26. axb4 axb4 27. Rxb4 Ba5 28. Reb1 Bxb4 29.
Rxb4 Ra2+ 30. Rb2 Rxb2+ 31. Kxb2 Rb8 32. Kc3 Ke7 33. Kc4 b6 34. c6 Kd6 35. Kb5 Kc7 36.
d5 Rd8 37. dxe6 fxe6 38. g4 fxg4 39. hxg4 Rd2 0-1

[Event "Live Chess"]
[Site "Chess.com"]
[Date "2024.06.01"]
[Round "-"]
[White "jumush"]
[Black "ProfPoisson"]
[Result "1-0"]
[WhiteElo "1742"]
[BlackElo "1232"]
[TimeControl "300"]
[EndTime "9:55:44 PDT"]
[Termination "jumush won by checkmate"]

1. e4 e5 2. Nc3 Nf6 3. Bc4 c6 4. d3 d5 5. exd5 cxd5 6. Bb3 Bb4 7. Bd2 O-O 8. Nf3 Bg4 9. h3 e4 10. hxg4 exf3 11. Qxf3 Re8+ 12. Kf1 Qd7 13. Re1 Nc6 14. g5 Rxe1+ 15. Bxe1 Ng4 16. Qh3 Qf5 17. Bxd5 Nd4 18. Be4 Qxg5 19. Qxh7+ Kf8 20. Nd5 Ne3+ 21. fxe3 Bxe1 22.
Qh8# 1-0

[Event "Live Chess"]
[Site "Chess.com"]
[Date "2024.06.01"]
[Round "-"]
[White "IanCalvert2"]
[Black "GEMdzq"]
[Result "0-1"]
[WhiteElo "1540"]
[BlackElo "2356"]
[TimeControl "300"]
[EndTime "9:55:52 PDT"]
[Termination "GEMdzq won by resignation"]

1. b3 e5 2. Bb2 d6 3. e3 Nf6 4. Nf3 Be7 5. d4 e4 6. Nfd2 O-O 7. c4 c6 8. Nc3 d5 9. Be2 Bf5 10. g4 Bg6 11. g5 Ne8 12. h4 Bf5 13. Qc2 Na6 14.
a3 Nac7 15. O-O-O b5 16. c5 a5 17. Ncb1 Na6 18. Rdg1 Nec7 19. Bg4 Bxg4 20. Rxg4 Ne6 21. f4 exf3 22. Nxf3 Nac7 23. Qg2 Kh8 24. h5 f5 25. gxf6 Bxf6 26. Ne5 Bxe5 27. dxe5 Qe7 28. Bd4 Nxc5 29. h6 g6 30. e6+ Rf6 31. Rf1 Nxb3+ 32. Kb2 Nxd4 33. exd4 Raf8 34. Rxf6 Qxf6 35. Nd2 Nxe6 36. Qe2 Nxd4 0-1

[Event "Live Chess"]
[Site "Chess.com"]
[Date "2024.06.01"]
[Round "-"]
[White "Colm_Buckley"]
[Black "Trecregin"]
[Result "0-1"]
[WhiteElo "1797"]
[BlackElo "1846"]
[TimeControl "300"]
[EndTime "9:55:54 PDT"]
[Termination "Trecregin won on time"]

1. d4 c5 2. c3 cxd4 3. cxd4 Qb6 4. Nc3 e6 5. Nf3 Nf6 6. e3 d5 7. Bd3 Nc6 8. O-O Bd6 9. a4 O-O 10. Nb5 Be7 11. Qe2 Nb4 12. a5 Qd8 13. Bd2 Nxd3 14. Qxd3 Bd7 15. Rfc1 a6 16. Nc3 Bb4 17. Ne2 Bb5 18.
Qc2 Bxe2 19. Bxb4 Bxf3 20. Bxf8 Be4 21. Qc7 Qxf8 22. Qxb7 Bd3 23. Ra3 Bb5 24. Rac3 Bd7 25. Rc7 Qd8 26. h3 g6 27. g4 g5 28. Kg2 Kg7 29. Qb6 Kg6 30. Qd6 Bb5 31. Qe5 Rb8 32.
Kg3 Bc4 33. Rc2 Nd7 34. Qd6 Nf6 35. Qxd8 Rxd8 36. f3 Rb8 37. h4 gxh4+ 38. Kxh4 Rb3 39. g5 Nh5 40. Rc3 Rxb2 41. e4 Rh2+ 42. Kg4 Rg2+ 43. Kh3 Rg3+ 44. Kh2 Rxg5 45. exd5 Bxd5 46. Ra7 Nf4 47.
Rxa6 h5 48. Rb6 h4 49. a6 h3 50. Rb1 Rg2+ 51. Kh1 Ne2 52. f4 Ng3+ 53. Rxg3+ Rxg3+ 54. Kh2 Ra3 55. Rg1+ Bg2 56. Rd1 Rxa6 57. d5 Bxd5 58. Kxh3 Ra3+ 59. Kg4 Rf3 60. Rxd5 Rxf4+ 61. Kxf4 exd5 62.
Ke5 Kg5 63. Kxd5 Kg4 64. Ke4 f5+ 65. Ke3 Kg3 0-1

[Event "Live Chess"]
[Site "Chess.com"]
[Date "2024.06.01"]
[Round "-"]
[White "akp42"]
[Black "alexholowczak"]
[Result "1-0"]
[WhiteElo "1996"]
[BlackElo "1447"]
[TimeControl "300"]
[EndTime "9:56:03 PDT"]
[Termination "akp42 won by checkmate"]

1. e4 e6 2. d4 d5 3. e5 c5 4. c3 Nc6 5. Be3 Qb6 6. Qd2 Bd7 7.
Nf3 Rc8 8. Be2 Nh6 9. O-O Nf5 10.
dxc5 Bxc5 11. Bxc5 Qxc5 12. Qg5 Qe7 13. Qh5 g6 14.
Qg4 O-O 15. Nbd2 f6 16. exf6 Rxf6 17. Rae1 e5 18. Qg5 e4 19. Bb5 Qf7 20. Bxc6 bxc6 21. Ne5 Qe7 22. Nxd7 Qxd7 23. Qxf6 Rf8 24. Qg5 Qb7 25.
Nb3 Qb5 26. h4 a5 27. h5 a4 28. Nd4 Nxd4 29. cxd4 Qxb2 30. hxg6 hxg6 31. Qxg6+ Kh8 32. Rb1 Qxd4 33. Rb7 Qf6 34. Qh7# 1-0

[Event "Live Chess"]
[Site "Chess.com"]
[Date "2024.06.01"]
[Round "-"]
[White "FlyingChessKestrel13"]
[Black "Queensandpawns"]
[Result "0-1"]
[WhiteElo "2115"]
[BlackElo "2471"]
[TimeControl "300"]
[EndTime "9:56:15 PDT"]
[Termination "Queensandpawns won by resignation"]

1. e4 d5 2. exd5 c6 3. dxc6 Nxc6 4. Nf3 e5 5. d3 Nf6 6. Be2 Bd6 7.
O-O h5 8. Nc3 Kf8 9. Bg5 Be7 10.
Ne4 Nxe4 11. dxe4 Bxg5 12. Qxd8+ Bxd8 13. Rad1 Be6 14. Bb5 Bc7 15. c4 a6 16. Bxc6 bxc6 17. b4 Ke7 18. c5 Rhd8 19. a3 Bg4 20. Rxd8 Rxd8 21. Ng5 Rd1 22. f3 Rxf1+ 23. Kxf1 Be6 24.
Nxe6 Kxe6 25. Ke2 a5 26. Kd3 axb4 27. axb4 f5 28. Kc4 fxe4 29. fxe4 g5 30. g3 Kd7 31. h3 Bd8 32. g4 hxg4 33. hxg4 Kc7 34. Kb3 Kb7 35.
Kc4 Ka6 36. Kc3 Kb5 37. Kb3 Be7 38. Kc3 Bxc5 39. bxc5 Kxc5 40. Kd3 Kb4 0-1

[Event "Live Chess"]
[Site "Chess.com"]
[Date "2024.06.01"]
[Round "-"]
[White "alicechristina"]
[Black "Inglaterra"]
[Result "0-1"]
[WhiteElo "1765"]
[BlackElo "2036"]
[TimeControl "300"]
[EndTime "9:56:20 PDT"]
[Termination "Inglaterra won by checkmate"]

1. c4 e6 2. Nc3 Nf6 3. e4 d5 4. e5 Nfd7 5. d4 dxc4 6. Bxc4 Be7 7. Nf3 O-O 8. O-O a6 9. Qc2 c5 10. d5 exd5 11. Nxd5 Nc6 12. Nxe7+ Qxe7 13. Bg5 Qe8 14. Rfe1 Nb6 15. Bd3 h6 16. Bh4 Nb4 17. Qd2 Nxd3 18. Qxd3 Be6 19. Rac1 Qc6 20. Qe2 Nd5 21.
Nd4 Qb6 22. Nxe6 fxe6 23. Qg4 Nf4 24. Rcd1 Rf7 25. b3 Nd5 26. Rd3 Qa5 27. Red1 Qxa2 28. Qxe6 Nf4 29. Rd8+ Rxd8 30. Rxd8+ Kh7 31. Qd6 Ne2+ 32.
Kf1 Nd4 33. g3 Qxf2# 0-1

[Event "Live Chess"]
[Site "Chess.com"]
[Date "2024.06.01"]
[Round "-"]
[White "lyricalschemes"]
[Black "f4nomore"]
[Result "1-0"]
[WhiteElo "1648"]
[BlackElo "1193"]
[TimeControl "300"]
[EndTime "9:56:22 PDT"]
[Termination "lyricalschemes won by resignation"]

1. e4 g6 2. d4 Bg7 3. Nc3 d6 4. Be3 Nf6 5. Qd2 Ng4 6. Bf4 e5 7. dxe5 Nxe5 8. O-O-O O-O 9. Bh6 Nbc6 10. Bxg7 Kxg7 11. h4 h5 12. Be2 Be6 13. f4 Ng4 14.
f5 Nf2 15. fxe6 Nxd1 16. Qxd1 fxe6 17. Nf3 Ne5 18. Ng5 Qe7 19. Qd4 c5 20. Qe3 Rf6 21. Qg3 Raf8 22. Nh3 a6 23. Bxh5 b5 24. Ne2 Rf1+ 25.
Rxf1 Rxf1+ 26. Kd2 Qf6 27. b3 c4 28. Nhf4 c3+ 29.
Ke3 Kh7 30. Bf3 Nxf3 31. gxf3 Rc1 32. Nxc1 e5 33. Qxg6+ Qxg6 34. Nxg6 Kxg6 35. f4 exf4+ 36. Kxf4 Kh5 37. e5 dxe5+ 38. Kxe5 Kxh4 39. Kd4 Kg5 40. Kxc3 Kf6 41. Nd3 Ke6 42. Kb4 Kd6 43. Ka5 Kc6 44.
Kxa6 Kc7 45. Kxb5 Kb7 46. c4 Kc7 47. Nc1 Kb7 48. Ne2 Ka7 49. Ng1 Kb7 50. Nh3 Ka7 51. Ng5 Kb7 52. Nh7 Ka7 53. Nf6 Kb7 54. a3 Ka7 55.
Ne4 Kb7 56. Nc3 Ka7 57. a4 Kb7 58. c5 Ka7 59. c6 Kb8 60. Kb6 Kc8 61. Nb5 Kb8 62. c7+ Kc8 63. Nd6+ Kd7 64. c8=Q+ Kxd6 65. Qc5+ 1-0

[Event "Live Chess"]
[Site "Chess.com"]
[Date "2024.06.01"]
[Round "-"]
[White "KyryloPoluliakh"]
[Black "grillage"]
[Result "1-0"]
[WhiteElo "1479"]
[BlackElo "1880"]
[TimeControl "300"]
[EndTime "9:56:23 PDT"]
[Termination "KyryloPoluliakh won on time"]

1. c4 c5 2. Nc3 Nc6 3. g3 g6 4. Bg2 Bg7 5. e3 Nf6 6. Nge2 O-O 7. O-O d6 8. d4 cxd4 9. exd4 Bg4 10. a3 Rc8 11. b4 Ne8 12. Qd2 Qd7 13. Re1 Bh3 14. Bh1 Nf6 15. Bb2 Nd8 16. Qd3 Bf5 17.
Ne4 Nxe4 18. Bxe4 Bxe4 19. Qxe4 Rxc4 20. Nf4 e6 21. Rac1 Rxc1 22. Rxc1 d5 23. Qe3 Nc6 24. Nd3 b6 25. Rc2 Rc8 26. Ne5 Nxe5 27. Rxc8+ Qxc8 28. dxe5 Qc2 29. Bd4 h6 30. h4 h5 31. Kh2 Kh7 32. Qf4 Qf5 33. Qc1 Qe4 34. Qc3 Bh8 35. b5 Bg7 36. a4 Qb1 37. Qc7 Qe4 38. Bc3 Qf3 39. Bd4 Qe4 40. Qc3 Bf8 41. a5 Qf5 42. axb6 axb6 43. Bxb6 Bg7 44. Bd4 Qe4 45. b6 Qb1 46.
Qc7 Qb4 47. Qc5 Qb3 48. Qc6 1-0

[Event "Live Chess"]
[Site "Chess.com"]
[Date "2024.06.01"]
[Round "-"]
[White "Enhard"]
[Black "E2E4colchester"]
[Result "0-1"]
[WhiteElo "1428"]
[BlackElo "1496"]
[TimeControl "300"]
[EndTime "9:56:24 PDT"]
[Termination "E2E4colchester won by resignation"]

1. d4 d5 2. c4 dxc4 3. e3 e6 4.
Bxc4 Nf6 5. Nf3 Be7 6. Nc3 O-O 7.
b3 b6 8. Bb2 Bb7 9. O-O c5 10.
Be2 cxd4 11. Nxd4 Nc6 12. Nxc6 Bxc6 13. Bf3 Qxd1 14. Bxd1 Rfd8 15. Rb1 Bb4 16. Be2 Rd7 17. Rfd1 Rad8 18. Rxd7 Rxd7 19. Rd1 Rxd1+ 20. Bxd1 Bxc3 21. Bxc3 Ne4 22. Be1 Bb5 23. f3 Nf6 24. Bc3 Nd5 25. Bd2 Nf6 26. e4 a5 27. Bc3 Nh5 28. Bd2 Nf6 29.
Kf2 Nd7 30. f4 Nc5 31. e5 Nd3+ 32. Ke3 f6 33. exf6 gxf6 34. Bc2 Nc5 35. Bc3 Kg7 36. Bd4 h6 37. Bxc5 bxc5 38. g3 Kf7 39. Bd3 Bxd3 40.
Kxd3 e5 41. Ke4 Ke6 42. f5+ Kd6 43. h4 h5 44. a3 Kc6 45. a4 Kd6 46. Kd3 Kd5 47.
Ke3 e4 48. Kf4 Kd4 49. g4 e3 50. gxh5 e2 51. h6 e1=Q 52. h7 Qe8 53. Kg4 Qh8 54.
Kh5 Qxh7+ 0-1

[Event "Live Chess"]
[Site "Chess.com"]
[Date "2024.06.01"]
[Round "-"]
[White "TigerTank70"]
[Black "TheSmoulderingMaster"]
[Result "1-0"]
[WhiteElo "2171"]
[BlackElo "1752"]
[TimeControl "300"]
[EndTime "9:56:24 PDT"]
[Termination "TigerTank70 won by resignation"]

1. e4 c5 2. d4 cxd4 3. c3 dxc3 4. Nxc3 Nc6 5. Nf3 d6 6. Bc4 Nf6 7. Qe2 e6 8. O-O Be7 9. Rd1 O-O 10. Bf4 e5 11.
Bxe5 Qb6 12. Bxd6 Bxd6 13. Rxd6 Bg4 14. h3 Bxf3 15. Qxf3 Qxb2 16. Rad1 Ne5 17. Qg3 Nxc4 18. Rxf6 Kh8 19. Rf3 Nd2 20. Rd3 Nc4 21. Nd5 Qxa2 22.
Nc7 Rac8 23. Rc3 Nb2 24. Rdc1 Qa5 25. Ne6 Qxc3 26. Rxc3 fxe6 27. Rxc8 Rxc8 28. Qe5 Nc4 29. Qxe6 1-0

[Event "Live Chess"]
[Site "Chess.com"]
[Date "2024.06.01"]
[Round "-"]
[White "Grieve72"]
[Black "GerardATHart"]
[Result "1-0"]
[WhiteElo "2637"]
[BlackElo "1447"]
[TimeControl "300"]
[EndTime "9:56:36 PDT"]
[Termination "Grieve72 won by resignation"]

1. e4 e5 2. Nf3 Nc6 3. Bc4 Nf6 4. Ng5 d5 5. exd5 Na5 6. Bb5+ c6 7. dxc6 bxc6 8.
Bd3 h6 9. Ne4 c5 10. Nbc3 c4 11.
Nxf6+ gxf6 12. Be4 Rb8 13. Qh5 Be6 14. O-O Qd7 15.
d3 f5 16. Bf3 cxd3 17. cxd3 Qxd3 18. Rd1 Qc4 19. Nd5 e4 20. b3 Qc2 21. Nf6+ Ke7 22. Qh4 exf3 23. Ba3+ 1-0

[Event "Live Chess"]
[Site "Chess.com"]
[Date "2024.06.01"]
[Round "-"]
[White "Berdgross"]
[Black "14141409"]
[Result "0-1"]
[WhiteElo "579"]
[BlackElo "2561"]
[TimeControl "300"]
[EndTime "9:56:40 PDT"]
[Termination "14141409 won by resignation"]

1. e4 e5 2. d3 d5 3. exd5 Qxd5 4.
Nc3 Nc6 5. Nxd5 Bd6 6. a3 Nge7 7. Nf3 Nxd5 8. c4 Nf6 9. Bg5 Nd7 10. Be2 a5 11.
O-O O-O 12. Re1 Nc5 13. Be3 Ne6 14. d4 exd4 15. Nxd4 Ncxd4 16. Bxd4 Rd8 17. Be5 Bxe5 18. Qc2 Nd4 19. Qe4 f6 20. Rad1 c6 21. Bd3 Bf5 22.
Qe3 Bxd3 23. Rxd3 Nc2 24. Rxd8+ Rxd8 25. Qe4 Nxe1 26. Qxe1 Bxb2 27. h4 Be5 28. Qxa5 Rd1+ 0-1

[Event "Live Chess"]
[Site "Chess.com"]
[Date "2024.06.01"]
[Round "-"]
[White "mrsmarple1968"]
[Black "Bunny55"]
[Result "1-0"]
[WhiteElo "1788"]
[BlackElo "1182"]
[TimeControl "300"]
[EndTime "9:56:49 PDT"]
[Termination "mrsmarple1968 won by resignation"]

1. e4 c5 2. Nc3 Nc6 3. g3 d6 4. Bg2 g6 5. d3 Bg7 6. Bd2 e6 7.
Nge2 Nge7 8. O-O O-O 9. f4 Bd7 10. h3 f5 11. Kh2 Rc8 12. Be3 a6 13. d4 cxd4 14. Nxd4 Nxd4 15. Bxd4 e5 16. Be3 Qc7 17. Rf2 b5 18. a3 Qd8 19. Qxd6 exf4 20. Bxf4 Nc6 21.
Qd3 b4 22. axb4 Nxb4 23. Qd2 a5 24. Rc1 Bc6 25. Nd5 Nxd5 26. exd5 Bb7 27. c3 Qd7 28. d6 Rfd8 29. Bxb7 Rb8 30. Bd5+ Kh8 31. Bg2 Qb5 32. Rc2 1-0

[Event "Live Chess"]
[Site "Chess.com"]
[Date "2024.06.01"]
[Round "-"]
[White "Pedrada88"]
[Black "raimundklein"]
[Result "1-0"]
[WhiteElo "2548"]
[BlackElo "1567"]
[TimeControl "300"]
[EndTime "9:57:04 PDT"]
[Termination "Pedrada88 won by checkmate"]

1. Nf3 Nf6 2. d4 g6 3. Nc3 d5 4.
Bg5 Bg7 5. Qd3 O-O 6. e3 a6 7. h4 Nbd7 8. h5 c5 9. hxg6 hxg6 10. O-O-O c4 11. Qe2 b5 12. e4 dxe4 13. Nxe4 Nxe4 14.
Qxe4 Nf6 15. Qh4 Re8 16. Ne5 Be6 17. Bh6 Nd5 18. Bxg7 Kxg7 19. Qh6+ Kf6 20. Qh4+ Kg7 21. Qh6+ Kf6 22. f4 Rh8 23. Qg5+ Kg7 24. Be2 Qd7 25. g4 Ne3 26. f5 Nxf5 27. gxf5 Bxf5 28. Bf3 Qe6 29. Bxa8 Rxa8 30. Qh6+ Kf6 31. Rdf1 Qd5 32. Qh4+ Kg7 33. Qh7+ Kf6 34. Rxf5+ Kxf5 35. Rf1+ Ke4 36.
Qh4+ Ke3 37. Qf4+ Ke2 38. Qf2# 1-0

[Event "Live Chess"]
[Site "Chess.com"]
[Date "2024.06.01"]
[Round "-"]
[White "dl_chess"]
[Black "SvitlanaJ"]
[Result "1-0"]
[WhiteElo "1165"]
[BlackElo "383"]
[TimeControl "300"]
[EndTime "9:57:14 PDT"]
[Termination "dl_chess won by checkmate"]

1. e4 e5 2. Bc4 Bc5 3. Nf3 Nc6 4. d3 Nf6 5. O-O O-O 6. Nc3 h6 7. Qe2 d6 8. Be3 Bg4 9. Bxc5 dxc5 10. h3 Bxf3 11. Qxf3 Nd4 12. Qg3 Nxc2 13. Rac1 Nd4 14. f4 a6 15. fxe5 Nh5 16. Qg4 g6 17. Qxg6+ Kh8 18. Qxh6+ Kg8 19. Qxh5 Qd7 20. Rf4 b5 21. Rg4+ Qxg4 22. Qxg4+ Kh8 23. Qh5+ Kg8 24. Bd5 Rae8 25. Rf1 Ne6 26. Rf3 b4 27. Rg3+ Ng7 28. Qh6 bxc3 29. Qxg7# 1-0

[Event "Live Chess"]
[Site "Chess.com"]
[Date "2024.06.01"]
[Round "-"]
[White "TC2304"]
[Black "Andysav3"]
[Result "1-0"]
[WhiteElo "2349"]
[BlackElo "1863"]
[TimeControl "300"]
[EndTime "9:57:16 PDT"]
[Termination "TC2304 won by resignation"]

1. c4 e5 2. Nc3 d6 3. g3 f5 4. Bg2 Nf6 5. e3 Be7 6. Nge2 O-O 7. O-O c6 8. d4 Be6 9. d5 Bf7 10. b4 a5 11. bxa5 Qxa5 12. Rb1 cxd5 13. Nxd5 Nxd5 14. cxd5 b6 15. Bd2 Qa6 16. Nc3 Nd7 17. Qb3 Rfc8 18. Rfc1 Qa3 19. Bf1 Qxb3 20. Rxb3 Rc5 21. Bb5 Bxd5 22. Nxd5 Rxd5 23. Bc4 Nf6 24. Rb5 1-0

[Event "Live Chess"]
[Site "Chess.com"]
[Date "2024.06.01"]
[Round "-"]
[White "viktor_forever1994"]
[Black "Crowded_House"]
[Result "0-1"]
[WhiteElo "1407"]
[BlackElo "1738"]
[TimeControl "300"]
[EndTime "9:57:17 PDT"]
[Termination "Crowded_House won on time"]

1. e4 e6 2. Nf3 d5 3. d4 dxe4 4. Nfd2 Nf6 5. Nc3 e3 6. fxe3 Nd5 7. Nxd5 Qxd5 8. Qf3 Qxf3 9. Nxf3 Bd6 10. c4 b6 11. a3 Bb7 12. Be2 O-O 13. b4 c5 14.
bxc5 bxc5 15. O-O cxd4 16. exd4 Bc7 17. Rb1 Be4 18. Rb4 Nc6 19. Rb3 Rfb8 20. Rxb8+ Rxb8 21. Be3 Bb6 22. Rd1 h6 23. Kf2 Rd8 24. c5 Bc7 25. Rd2 Rb8 26. a4 Rb4 27. Bb5 Na5 28. Ra2 Bd5 29. Rd2 Nb3 30. Rb2 Ba5 31. Nd2 Nxd2 0-1

[Event "Live Chess"]
[Site "Chess.com"]
[Date "2024.06.01"]
[Round "-"]
[White "PureDashingOctopus"]
[Black "JohanKjeldahl"]
[Result "0-1"]
[WhiteElo "2207"]
[BlackElo "1851"]
[TimeControl "300"]
[EndTime "9:57:22 PDT"]
[Termination "JohanKjeldahl won on time"]

1. e4 c5 2. Nc3 e6 3. Nge2 Nc6 4. d4 cxd4 5. Nxd4 Qc7 6. Be3 a6 7. g4 h6 8. Qd2 Nf6 9. f3 b5 10.
O-O-O Be7 11. h4 Bb7 12. Be2 O-O-O 13. g5 hxg5 14. hxg5 Nh5 15. f4 Ng3 16. Rxh8 Nxe2+ 17. Qxe2 Rxh8 18. Qg2 b4 19. Nce2 Na5 20. Nb3 Nc4 21. Bd4 e5 22. fxe5 Nxe5 23. Kb1 Rh5 24. Bxe5 Qxe5 25.
Qg4 Rh2 26. Qxd7+ Kb8 27. Qe8+ Ka7 28. Nec1 Qxe4 29. Nd3 Bxg5 30. Qxf7 Bf6 31. Ndc5 Qf3 32. Rc1 Qc6 33. Na5 Qb6 34. Ncxb7 b3 35. axb3 Qe3 36. Nd6+ Kb6 37. Ndc4+ Kc5 38. Qc7+ Kd4 39. Qd6+ Ke4 40. Qe6+ Kf3 41. Qxe3+ Kg4 42. Rg1+ Kh5 43. Qf3+ Kh6 44.
Qf4+ Kh7 45. Qxh2+ Kg8 46. Qb8+ Kh7 47. Rh1+ Kg6 48.
Qe8+ Kg5 49. Qe3+ Kg6 50. Qe4+ Kf7 51. Nd6+ Kg8 0-1